 Dungeon Crawl Stone Soup version 0.30-a0-269-gf0224bf7b6 (webtiles) character file.

Game seed: 18303705200716656435

51 ryw the Trooper (level 3, -1/31 HPs)
             Began as a Demonspawn Monk on Oct 14, 2022.
             Killed from afar by Sigmund (7 damage)
             ... with a magic dart
             ... on level 2 of the Dungeon.
             The game lasted 00:02:44 (1406 turns).

ryw the Trooper (Demonspawn Monk)                   Turns: 1406, Time: 00:02:44

Health: -1/31      AC:  3    Str: 21    XL:     3   Next: 58%
Magic:  3/3        EV: 13    Int:  8    God:
Gold:   79         SH:  0    Dex: 16    Spells: 2/2 levels left

rFire   . . .      SeeInvis .      - Unarmed
rCold   . . .      Faith    .    (no shield)
rNeg    . . .      Spirit   .    a - +0 robe
rPois   .          Reflect  .    (no helmet)
rElec   .          Harm     .    (no cloak)
rCorr   .          Rampage  .    n - +0 pair of gloves
Will    .....                    (no boots)
Stlth   +.........               (no amulet)
HPRegen 0.25/turn                m - +6 ring of strength
MPRegen 0.08/turn                (no ring)

@: confused, attractive, hasted, very quick
A: condensation shield, dopey 1, strong 1
a: no special abilities


You were on level 2 of the Dungeon.
You visited 1 branch of the dungeon, and saw 2 of its levels.

You collected 79 gold pieces.

Inventory:

Missiles
 d - 13 stones (quivered)
Armour
 a - a +0 robe (worn)
 n - a +0 pair of gloves (worn)
Jewellery
 m - a +6 ring of strength (left hand)
Scrolls
 c - a scroll of poison {unknown}
 e - a scroll of magic mapping {unknown}
 f - 2 scrolls of identify {unknown}
 g - 3 scrolls of vulnerability {unknown}
 j - a scroll of acquirement {unknown}
 l - a scroll of teleportation {unknown}


   Skills:
 + Level 4.6 Fighting
 - Level 2.6 Dodging
 - Level 1.7 Stealth
 - Level 2.6 Unarmed Combat


You had 2 spell levels left.
You didn't know any spells.
Your spell library was empty.

Dungeon Overview and Level Annotations

Branches:
Dungeon (2/15)

Altars:

Annotations:
D:2 Sigmund


Innate Abilities, Weirdness & Mutations

A meltable shield of frost defends you. (SH +4)
You are dopey. (Int -2)
Your muscles are strong. (Str +4, Int/Dex -1)


Message History

Things that are here:
a jackal skeleton; an adder skeleton; a jackal skeleton Sigmund the Dreaded comes into view.
He is wielding a +0 scythe.
Sigmund casts a spell at you. You resist with significant effort.
Okay, then.
Unknown command.
You are confused.
You feel invigorated.
Sigmund breathes a few words.
Sigmund's hands start flickering wildly.
Sigmund hits you with a +0 scythe. Sigmund hits you with a +0 scythe.
Sigmund casts a spell.
Sigmund flickers and vanishes!
Deactivating autopickup; reactivate with Ctrl-A.
You completely miss something. Something hits you but does no damage.
You're too confused to move!
Something hits you!
You feel less invigorated.
You feel less confused.
You barely miss something. Something hits you.
You hit something. Something barely misses you.
You closely miss something. You hit something but do no damage.
Something hits you.
You hit something. Something hits you but does no damage.
You miss something. You miss something. Something hits you!
You miss something. Something hits you!
* * * LOW HITPOINT WARNING * * *
It was a potion of haste.
You feel yourself speed up.
It was a potion of mutation.
You feel extremely strange.
You feel stronger.
You feel stupid.
You hear some strange, mumbled words.
You are confused.
It was a potion of attraction.
You feel attractive to monsters.
You hear some strange, mumbled words.
A magic dart appears from out of thin air!
The magic dart hits you!
You die...

## #+# #.# #.# #
#.# #.# .#
#.##.###.##
##.........
#......# #.##@{.##
.. ##.## #.# #.# #
#.# #.# #####.#
#...#.# #########
#...#.##
#.....).###...#..##


There were no monsters in sight!

Vanquished Creatures
  An adder (D:2)
  A worm (D:2)
  A dart slug (D:1)
  A bat (D:1)
  3 endoplasms
  2 giant cockroaches
  3 goblins
  5 hobgoblins (D:1)
  4 jackals (D:2)
  3 kobolds
  A quokka (D:1)
  6 ball pythons
  A frilled lizard (D:1)
  3 rats (D:2)
35 creatures vanquished.

Notes
Turn   | Place    | Note
-------+----------+-------------------------------------------
     0 | D:1      | ryw the Demonspawn Monk began the quest for the Orb.
     0 | D:1      | Reached XP level 1. HP: 18/18 MP: 1/1
    78 | D:1      | Found a faded altar of an unknown god.
   193 | D:1      | Gained mutation: A meltable shield of frost defends you.
                  | (SH +4) [demonic ancestry]
   193 | D:1      | Reached XP level 2. HP: 22/24 MP: 2/2
   300 | D:1      | Reached skill level 4 in Fighting
   775 | D:2      | Reached XP level 3. HP: 12/30 MP: 3/3
  1382 | D:2      | Noticed Sigmund
  1404 | D:2      | Gained mutation: Your muscles are strong. (Str +4, Int/Dex
                  | -1) [potion of mutation]
  1404 | D:2      | Gained mutation: You are dopey. (Int -2) [potion of
                  | mutation]
  1406 | D:2      | Killed from afar by Sigmund

Illustrated notes

Levels and vault maps discovered:
D:1:      spicycebolla_arrival_xxxplode, layout_rooms,
          shapermc_ecumenical_altar_pompeii
D:2:      layout_loops_corners, grunt_ministairs_12, uniq_sigmund

Skill      XL: |  1  2 |
---------------+-------+-----
Fighting       | 4 |  4.6
Dodging        | |  2.6
Stealth        | |  1.7
Unarmed Combat | |  2.6

Action                   || total
-------------------------++-------
Melee: Unarmed           ||   149
       Punch             ||     2
  Use: Potion            ||     4
 Stab: Sleeping          ||     3
Armor: Robe              ||    22
Dodge: Dodged            ||    74
Block: Other             ||    15

Table legend: (Time is in decaauts)
 A = Elapsed time spent in this place.
 B = Non-inter-level travel time spent in this place.
 C = Inter-level travel time spent in this place.
 D = Time resting spent in this place.
 E = Time spent auto-exploring this place.
 F = Levels seen in this place.
 G = Mean time per level.
                   A        B        C        D        E       F      G
               +--------+--------+--------+--------+--------+-----+--------+
         Total |   1398 |   1363 |     35 |    118 |    921 |   2 |  699.0 |
       Dungeon |   1398 |   1363 |     35 |    118 |    921 |   2 |  699.0 |
               +--------+--------+--------+--------+--------+-----+--------+

Top non-repeatable levels by time:
     D:2: 862 daAuts
     D:1: 536 daAuts
